| TOP OF THE 1ST |
|
Mississippi Braves batting - Pitching for Tennessee Smokies : RHP Bogdan Sdobnyakov
|
|
Pitching: RHP Bogdan Sdobnyakov
|
|
|
Batting: RHB Hieronim Rutkowski
|
0-0: Called Strike 0-1: Swinging Strike 0-2: Ball 1-2: Strikes out swinging
|
|
Batting: LHB Luis Cruz
|
0-0: Ball 1-0: Ball 2-0: Called Strike 2-1: Ball 3-1: Foul Ball, location: 2F 3-2: Base on Balls
|
|
Batting: RHB Erik Coleman
|
0-0: Called Strike 0-1: Ball 1-1: Called Strike 1-2: Foul Ball, location: 2F 1-2: Ball 2-2: Ball Luis Cruz is caught stealing 2nd base 2-4 3-2: Base on Balls
|
|
Batting: RHB Jose Ramos
|
0-0: Ball 1-0: Swinging Strike 1-1: Foul Ball, location: 2F 1-2: Ball 2-2: Strikes out swinging
|
| Top of the 1st over - 0 runs, 0 hits, 0 errors, 1 left on base; Mississippi 0 - Tennessee 0 |
| BOTTOM OF THE 1ST |
|
Tennessee Smokies batting - Pitching for Mississippi Braves : RHP Brian Bailes
|
|
Pitching: RHP Brian Bailes
|
|
|
Batting: RHB Eric Wiss
|
0-0: Called Strike 0-1: Called Strike 0-2: Strikes out swinging
|
|
Batting: RHB Khalil Stephens
|
0-0: Fly out, F8 (Line Drive, 8RM, EV 88.8 MPH)
|
|
Batting: RHB Brad Santanello
|
0-0: Foul Ball, location: 2F 0-1: Called Strike 0-2: Ground out 5-3 (Groundball, 56, EV 108.8 MPH)
|
| Bottom of the 1st over - 0 runs, 0 hits, 0 errors, 0 left on base; Mississippi 0 - Tennessee 0 |
| TOP OF THE 2ND |
|
Mississippi Braves batting - Pitching for Tennessee Smokies : RHP Bogdan Sdobnyakov
|
|
Batting: LHB Art D'Ascenzo
|
0-0: Called Strike 0-1: Fly out, F5 (Popup, 15S, EV 88.1 MPH)
|
|
Batting: SHB Jose Melendez
|
0-0: Ball 1-0: Called Strike 1-1: Foul Ball, location: 2F 1-2: SINGLE (Groundball, 6D, EV 107.5 MPH)
|
|
Batting: RHB Yojiro Hayashi
|
0-0: Called Strike 0-1: Ball 1-1: Ball 2-1: Ball 3-1: Base on Balls Jose Melendez to second
|
|
Batting: RHB Jose Garate
|
0-0: Ball 1-0: Called Strike 1-1: Grounds into double play, 6-4-3 (Groundball, 6, EV 98.1 MPH)
|
| Top of the 2nd over - 0 runs, 1 hit, 0 errors, 1 left on base; Mississippi 0 - Tennessee 0 |
| BOTTOM OF THE 2ND |
|
Tennessee Smokies batting - Pitching for Mississippi Braves : RHP Brian Bailes
|
|
Batting: LHB Angel Oropeza
|
0-0: Called Strike 0-1: Ball 1-1: Foul Ball, location: 2F 1-2: Strikes out swinging
|
|
Batting: RHB David Barnard
|
0-0: Called Strike 0-1: Ground out 6-3 (Groundball, 6, EV 89.4 MPH)
|
|
Batting: RHB Ryan Walker
|
0-0: Swinging Strike 0-1: Fly out, F9 (Flyball, 9LS, EV 91.9 MPH)
|
| Bottom of the 2nd over - 0 runs, 0 hits, 0 errors, 0 left on base; Mississippi 0 - Tennessee 0 |
| TOP OF THE 3RD |
|
Mississippi Braves batting - Pitching for Tennessee Smokies : RHP Bogdan Sdobnyakov
|
|
Batting: RHB Alex Velasquez
|
0-0: Swinging Strike 0-1: Ball 1-1: SINGLE (Line Drive, 8RS, EV 91.2 MPH)
|
|
Batting: RHB Hieronim Rutkowski
|
0-0: Ball Alex Velasquez steals 2nd base 1-0: Foul Ball, location: 2F 1-1: Ball 2-1: Ball 3-1: Foul Ball, location: 2F 3-2: Base on Balls
|
|
Batting: LHB Luis Cruz
|
0-0: Ball 1-0: Swinging Strike 1-1: Foul Ball, location: 2F 1-2: SINGLE (Groundball, 6MD, EV 106.2 MPH) Alex Velasquez to third Hieronim Rutkowski to second
|
|
Batting: RHB Erik Coleman
|
0-0: Swinging Strike 0-1: Swinging Strike 0-2: Strikes out swinging
|
|
Batting: RHB Jose Ramos
|
0-0: Ball 1-0: Foul Ball, location: 2F 1-1: Ball 2-1: Called Strike 2-2: SINGLE (Groundball, 4MD, EV 108.1 MPH) Alex Velasquez scores Hieronim Rutkowski to third Luis Cruz to second Runner from 3rd tries for Home, SAFE, throw by CF to home
|
|
Batting: LHB Art D'Ascenzo
|
0-0: Called Strike 0-1: Fly out, F9 (Flyball, 9LSF, EV 86.9 MPH)
|
|
Batting: SHB Jose Melendez
|
0-0: Foul Ball, location: 2F 0-1: Ball 1-1: DOUBLE (Line Drive, 78D, EV 101.2 MPH) Luis Cruz scores Jose Ramos to third Runner from 3rd tries for Home, throw by CF and OUT! 8-2
|
| Top of the 3rd over - 3 runs, 4 hits, 0 errors, 1 left on base; Mississippi 3 - Tennessee 0 |
| BOTTOM OF THE 3RD |
|
Tennessee Smokies batting - Pitching for Mississippi Braves : RHP Brian Bailes
|
|
Batting: RHB Sam Sours
|
0-0: Ball 1-0: Ball 2-0: Ball 3-0: Called Strike 3-1: Foul Ball, location: 2F 3-2: Strikes out looking
|
|
Batting: RHB Armando Vilano
|
0-0: Ball 1-0: Ball 2-0: Called Strike 2-1: Foul Ball, location: 2F 2-2: Foul Ball, location: 2F 2-2: Ground out 6-3 (Groundball, 6, EV 76.9 MPH)
|
|
Batting: RHB Sung-hwan Jung
|
0-0: Called Strike 0-1: Ball 1-1: Ball 2-1: Fly out, F8 (Flyball, 89D, EV 101.2 MPH)
|
| Bottom of the 3rd over - 0 runs, 0 hits, 0 errors, 0 left on base; Mississippi 3 - Tennessee 0 |
| TOP OF THE 4TH |
|
Mississippi Braves batting - Pitching for Tennessee Smokies : RHP Bogdan Sdobnyakov
|
|
Batting: RHB Yojiro Hayashi
|
0-0: Ball 1-0: Called Strike 1-1: Foul Ball, location: 2F 1-2: Ball 2-2: Ground out 6-3 (Groundball, 6S, EV 84.4 MPH)
|
|
Batting: RHB Jose Garate
|
0-0: Ball 1-0: Swinging Strike 1-1: Ball 2-1: Fly out, F6 (Line Drive, 6, EV 71.9 MPH)
|
|
Batting: RHB Alex Velasquez
|
0-0: Called Strike 0-1: Ball 1-1: Ball 2-1: SINGLE (Line Drive, 89M, EV 108.1 MPH)
|
|
Batting: RHB Hieronim Rutkowski
|
0-0: Ball 1-0: Foul Ball, location: 2F 1-1: Called Strike Alex Velasquez steals 2nd base 1-2: Strikes out looking
|
| Top of the 4th over - 0 runs, 1 hit, 0 errors, 1 left on base; Mississippi 3 - Tennessee 0 |
| BOTTOM OF THE 4TH |
|
Tennessee Smokies batting - Pitching for Mississippi Braves : RHP Brian Bailes
|
|
Batting: RHB Eric Wiss
|
0-0: Ball 1-0: Swinging Strike 1-1: Foul Ball, location: 2F 1-2: SINGLE (Line Drive, 7S, EV 106.2 MPH)
|
|
Batting: RHB Khalil Stephens
|
0-0: Called Strike 0-1: Ball 1-1: Ball 2-1: Foul Ball, location: 2F 2-2: DOUBLE (Line Drive, 78D, EV 106.9 MPH) Eric Wiss to third
|
|
Batting: RHB Brad Santanello
|
0-0: Ground out 6-3 (Groundball, 6D, EV 103.8 MPH) Eric Wiss scores
|
|
Batting: LHB Angel Oropeza
|
0-0: Fly out, F8 (Flyball, 8RD, EV 99.4 MPH)
|
|
Batting: RHB David Barnard
|
0-0: Called Strike 0-1: Swinging Strike 0-2: Ball 1-2: Strikes out swinging
|
| Bottom of the 4th over - 1 run, 2 hits, 0 errors, 1 left on base; Mississippi 3 - Tennessee 1 |
| TOP OF THE 5TH |
|
Mississippi Braves batting - Pitching for Tennessee Smokies : RHP Bogdan Sdobnyakov
|
|
Batting: LHB Luis Cruz
|
0-0: Ball 1-0: Called Strike 1-1: Swinging Strike 1-2: Foul Ball, location: 2F 1-2: Strikes out swinging
|
|
Batting: RHB Erik Coleman
|
0-0: Ball 1-0: Called Strike 1-1: Foul Ball, location: 2F 1-2: Fly out, F9 (Flyball, 9D, EV 98.1 MPH)
|
|
Batting: RHB Jose Ramos
|
0-0: Swinging Strike 0-1: Ball 1-1: Ball 2-1: Foul Ball, location: 2F 2-2: Strikes out swinging
|
| Top of the 5th over - 0 runs, 0 hits, 0 errors, 0 left on base; Mississippi 3 - Tennessee 1 |
| BOTTOM OF THE 5TH |
|
Tennessee Smokies batting - Pitching for Mississippi Braves : RHP Brian Bailes
|
|
Batting: RHB Ryan Walker
|
0-0: Ball 1-0: Swinging Strike 1-1: Swinging Strike 1-2: Ball 2-2: Strikes out swinging
|
|
Batting: RHB Sam Sours
|
0-0: Foul Ball, location: 2F 0-1: Ball 1-1: Foul Ball, location: 2F 1-2: Foul Ball, location: 2F 1-2: Ball 2-2: Foul Ball, location: 2F 2-2: Strikes out looking
|
|
Batting: RHB Armando Vilano
|
0-0: Foul Ball, location: 2F 0-1: Ball 1-1: Ball 2-1: Swinging Strike 2-2: Ball 3-2: Strikes out swinging
|
| Bottom of the 5th over - 0 runs, 0 hits, 0 errors, 0 left on base; Mississippi 3 - Tennessee 1 |
| TOP OF THE 6TH |
|
Mississippi Braves batting - Pitching for Tennessee Smokies : RHP Bogdan Sdobnyakov
|
|
Pitching: LHP Nate George
|
|
|
Batting: LHB Art D'Ascenzo
|
0-0: Foul Ball, location: 2F 0-1: Called Strike 0-2: Foul Ball, location: 2F 0-2: Fly out, F7 (Flyball, 78M, EV 79.4 MPH)
|
|
Batting: SHB Jose Melendez
|
0-0: SINGLE (Line Drive, 89M, EV 103.8 MPH)
|
|
Batting: RHB Yojiro Hayashi
|
0-0: Ball 1-0: Ball 2-0: Grounds into double play, 6-4-3 (Groundball, 6, EV 88.8 MPH)
|
| Top of the 6th over - 0 runs, 1 hit, 0 errors, 0 left on base; Mississippi 3 - Tennessee 1 |
| BOTTOM OF THE 6TH |
|
Tennessee Smokies batting - Pitching for Mississippi Braves : RHP Brian Bailes
|
|
Batting: RHB Sung-hwan Jung
|
0-0: Foul Ball, location: 2F 0-1: Ball 1-1: Ball 2-1: Ball 3-1: Ground out 5-3 (Groundball, 5, EV 86.9 MPH)
|
|
Batting: RHB Eric Wiss
|
0-0: Ball 1-0: Foul Ball, location: 2F 1-1: Foul Ball, location: 2F 1-2: Strikes out swinging, 2-3 out at first.
|
|
Batting: RHB Khalil Stephens
|
0-0: Ball 1-0: Ball 2-0: DOUBLE (Flyball, 8RD, EV 84.4 MPH)
|
|
Batting: RHB Brad Santanello
|
0-0: Called Strike 0-1: Swinging Strike 0-2: Ball 1-2: Ball 2-2: Strikes out swinging
|
| Bottom of the 6th over - 0 runs, 1 hit, 0 errors, 1 left on base; Mississippi 3 - Tennessee 1 |
| TOP OF THE 7TH |
|
Mississippi Braves batting - Pitching for Tennessee Smokies : LHP Nate George
|
|
Batting: RHB Jose Garate
|
0-0: Called Strike 0-1: Fly out, F8 (Flyball, 8LD, EV 93.1 MPH)
|
|
Batting: RHB Alex Velasquez
|
0-0: Ball 1-0: Ground out U3 (Groundball, 3L, EV 107.5 MPH)
|
|
Batting: RHB Hieronim Rutkowski
|
0-0: Called Strike 0-1: Ball 1-1: Ball 2-1: Fly out, F8 (Flyball, 89M, EV 87.5 MPH)
|
| Top of the 7th over - 0 runs, 0 hits, 0 errors, 0 left on base; Mississippi 3 - Tennessee 1 |
| BOTTOM OF THE 7TH |
|
Tennessee Smokies batting - Pitching for Mississippi Braves : RHP Brian Bailes
|
|
Now at 1B: Jose Garate
|
|
|
Now at 3B: Adrian Billups
|
|
|
Batting: LHB Angel Oropeza
|
0-0: Ball 1-0: Ball 2-0: Called Strike 2-1: Foul Ball, location: 2F 2-2: Ball 3-2: Strikes out swinging
|
|
Pitching: RHP Nate Bixler
|
|
|
Batting: RHB David Barnard
|
0-0: Foul Ball, location: 2F 0-1: Called Strike 0-2: Strikes out swinging
|
|
Batting: RHB Ryan Walker
|
0-0: Swinging Strike 0-1: Swinging Strike 0-2: Foul Ball, location: 2F 0-2: Fly out, F8 (Flyball, 8LXD, EV 81.9 MPH)
|
| Bottom of the 7th over - 0 runs, 0 hits, 0 errors, 0 left on base; Mississippi 3 - Tennessee 1 |
| TOP OF THE 8TH |
|
Mississippi Braves batting - Pitching for Tennessee Smokies : LHP Nate George
|
|
Pitching: RHP Heriberto Esquivel
|
|
|
Batting: LHB Luis Cruz
|
0-0: Fly out, F5 (Popup, 5, EV 68.8 MPH)
|
|
Batting: RHB Erik Coleman
|
0-0: Called Strike 0-1: Called Strike 0-2: Strikes out swinging
|
|
Batting: RHB Adrian Billups
|
0-0: Foul Ball, location: 2F 0-1: Foul Ball, location: 2F 0-2: Ball 1-2: Ground out 6-3 (Groundball, 6, EV 102.5 MPH)
|
| Top of the 8th over - 0 runs, 0 hits, 0 errors, 0 left on base; Mississippi 3 - Tennessee 1 |
| BOTTOM OF THE 8TH |
|
Tennessee Smokies batting - Pitching for Mississippi Braves : RHP Nate Bixler
|
|
Batting: RHB Sam Sours
|
0-0: Ball 1-0: Called Strike 1-1: Called Strike 1-2: Ball 2-2: Ball 3-2: Base on Balls
|
|
Batting: RHB Armando Vilano
|
0-0: Ball 1-0: Fly out, F8 (Flyball, 8LXD, EV 88.1 MPH)
|
|
Batting: RHB Sung-hwan Jung
|
0-0: Ball 1-0: Ball 2-0: Ball 3-0: Swinging Strike 3-1: Base on Balls Sam Sours to second
|
|
Batting: RHB Eric Wiss
|
0-0: Called Strike 0-1: Called Strike 0-2: Grounds into double play, 6-4-3 (Groundball, 6, EV 103.1 MPH)
|
| Bottom of the 8th over - 0 runs, 0 hits, 0 errors, 1 left on base; Mississippi 3 - Tennessee 1 |
| TOP OF THE 9TH |
|
Mississippi Braves batting - Pitching for Tennessee Smokies : RHP Heriberto Esquivel
|
|
Batting: LHB Art D'Ascenzo
|
0-0: Foul Ball, location: 2F 0-1: Ball 1-1: Ball 2-1: Ball 3-1: Fly out, F9 (Flyball, 9D, EV 96.9 MPH)
|
|
Batting: SHB Jose Melendez
|
0-0: Foul Ball, location: 2F 0-1: Foul Ball, location: 2F 0-2: Strikes out looking
|
|
Batting: RHB Yojiro Hayashi
|
0-0: Ball 1-0: Called Strike 1-1: Ball 2-1: Ball 3-1: Called Strike 3-2: Foul Ball, location: 2F 3-2: Foul Ball, location: 2F 3-2: Fly out, F8 (Flyball, 8LS, EV 79.4 MPH)
|
| Top of the 9th over - 0 runs, 0 hits, 0 errors, 0 left on base; Mississippi 3 - Tennessee 1 |
| BOTTOM OF THE 9TH |
|
Tennessee Smokies batting - Pitching for Mississippi Braves : RHP Nate Bixler
|
|
Pitching: RHP Omar Orosco
|
|
|
Batting: RHB Khalil Stephens
|
0-0: Foul Ball, location: 2F 0-1: Called Strike 0-2: SINGLE (Groundball, 6MD, EV 95.6 MPH)
|
|
Batting: RHB Brad Santanello
|
0-0: Ball 1-0: Grounds into double play, 6-4-3 (Groundball, 56, EV 77.5 MPH)
|
|
Batting: LHB Angel Oropeza
|
0-0: Ball 1-0: Ball 2-0: Called Strike 2-1: DOUBLE (Groundball, 3L, EV 101.9 MPH)
|
|
Batting: RHB David Barnard
|
0-0: Called Strike 0-1: Ball 1-1: Ball 2-1: Ball 3-1: Foul Ball, location: 2F 3-2: DOUBLE (Line Drive, 3D, EV 98.8 MPH) Angel Oropeza scores
|
|
Batting: RHB Ryan Walker
|
0-0: Ball 1-0: Ground out 5-3 (Groundball, 5, EV 80.0 MPH)
|
| Bottom of the 9th over - 1 run, 3 hits, 0 errors, 1 left on base; Mississippi 3 - Tennessee 2 |
|